 Dungeon Crawl Stone Soup version 0.30.0-11-gf55b779eaf (webtiles) character file.

Game seed: 12127529689746709388

28187 olmar the Protected (level 13, 0/128 HPs)
             Began as an Armataur Fighter on May 16, 2023.
             Was an Initiate of Gozag.
             Slain by an orc knight
             ... wielding a +0 battleaxe
              (21 damage)
             ... on level 2 of the Orcish Mines.
             The game lasted 00:28:47 (22445 turns).

olmar the Protected (Armataur Fighter)             Turns: 22445, Time: 00:28:48

Health: 0/128      AC: 14    Str: 32 (34) XL:     13   Next: 8%
Magic:  13/13      EV:  9    Int: 11 (14) God:    Gozag
Gold:   574        SH:  0    Dex:  9      Spells: 12/12 levels left

rFire   + . .        c - +4 flail
rCold   + . .        a - +0 kite shield
rNeg    + . .        U - +0 pearl dragon scales
rPois   .            (helmet restricted)
rElec   +            H - scarf {rC+ rF+}
rCorr   .            (no gloves)
SInv    .            (no barding)
Will    .....        w - amulet of reflection
Stlth   +            q - ring "Jaenum" {Int+6 Stlth+}
HPRegen 0.41/turn    O - +6 ring of strength
MPRegen 0.13/turn

%: reflection, roll
@: confused, invisible
A: large, rugged brown scales 3, deformed body, armoured tail, roll, long
tongue, awkward tongue, horns 1, deterioration 1, robust 1, electricity
resistance, evolution 1, MP-powered wands, sturdy frame 1
a: Renounce Religion, Potion Petition, Call Merchant, Bribe Branch


You were on level 2 of the Orcish Mines.
You worshipped Gozag.
Gozag was pleased with you.
You visited 2 branches of the dungeon, and saw 15 of its levels.
You also visited: Sewer and Bailey.

You collected 4271 gold pieces.
You spent 2020 gold pieces at shops.
You paid 1677 gold pieces to Gozag.

Inventory:

Hand Weapons
 c - a +4 flail (weapon)
 y - a +0 vampiric whip
 E - a +1 flail of protection
Missiles
 z - 54 poisoned darts
Armour
 a - a +0 kite shield (worn)
 H - a scarf of resistance (worn)
 U - +0 pearl dragon scales (worn)
Jewellery
 h - an amulet of guardian spirit
 l - a ring of magical power
 q - the ring "Jaenum" (left hand) {Int+6 Stlth+}
   (You took it off a wight on level 6 of the Dungeon)

   [ring of intelligence]

   Int:       It affects your intelligence (+6).
   Stlth:     It makes you more stealthy.
 w - an amulet of reflection (around neck)
 J - a ring of wizardry
 N - a ring of wizardry
 O - a +6 ring of strength (right hand)
Wands
 r - a wand of flame (9)
 P - a wand of iceblast (3)
 R - a wand of paralysis (4)
Scrolls
 b - 2 scrolls of fear
 d - 3 scrolls of amnesia
 g - 5 scrolls of enchant weapon
 i - 3 scrolls of enchant armour
 k - 2 scrolls of immolation
 x - a scroll of teleportation
 F - 3 scrolls of poison
 G - a scroll of blinking
 I - a scroll of fog
 L - a scroll of butterflies
 S - 2 scrolls of identify
Potions
 e - 2 potions of lignification
 f - 4 potions of haste
 j - a potion of magic
 m - 2 potions of degeneration
 n - 4 potions of mutation
 p - a potion of cancellation
 s - 3 potions of attraction
 t - a potion of resistance
 u - 3 potions of brilliance
 v - a potion of flight
 A - a potion of ambrosia
 B - 2 potions of invisibility
 C - 3 potions of might
 Q - a potion of berserk rage
Miscellaneous
 D - a tin of tremorstones (inert)
 K - a piece from Xom's chessboard (15/15) (quivered)


   Skills:
 + Level 8.9 Fighting
 + Level 12.5 Maces & Flails
 + Level 13.3 Armour
 + Level 3.7 Dodging
 + Level 4.0 Stealth
 + Level 10.3 Shields
 + Level 2.6 Evocations


You had 12 spell levels left.
You didn't know any spells.
Your spell library contained the following spells:

 Spells                   Type           Power      Damage    Failure   Level
 Necrotise                Necr           0%         1d4       63%         1
 Shock                    Conj/Air       0%         1d3       63%         1
 Cigotuvi's Dreadful Rot  Necr/Pois/Air  0%         N/A       77%         2
 Lesser Beckoning         Tloc           0%         N/A       77%         2
 Sublimation of Blood     Necr           0%         N/A       77%         2
 Dazzling Flash           Conj/Hex       0%         N/A       94%         3
 Gell's Gravitas          Tloc           0%         N/A       94%         3
 Swiftness                Air            0%         N/A       94%         3
 Teleport Other           Tloc           0%         N/A       94%         3
 Vampiric Draining        Necr           0%         2d6       94%         3
 Airstrike                Air            0%         2d(0-16)  100%        4
 Animate Armour           Summ/Erth      0%         N/A       100%        4
 Dispel Undead            Necr           0%         3d6       100%        4
 Manifold Assault         Tloc           0%         N/A       100%        4
 Petrify                  Tmut/Erth      0%         N/A       100%        4
 Agony                    Necr           0%         N/A       100%        5
 Blade Hands              Tmut           0%         N/A       100%        5
 Irradiate                Conj/Tmut      0%         3d11      100%        5
 Silence                  Hex/Air        0%         N/A       100%        5
 Death Channel            Necr           0%         N/A       100%        6
 Dispersal                Tloc           0%         N/A       100%        6
 Iron Shot                Conj/Erth      0%         9d1       100%        6
 Disjunction              Tloc           0%         N/A       100%        8


Dungeon Overview and Level Annotations

Branches:
Dungeon (13/15)            Temple (0/1) D:6            Lair (0/5) D:8
    Orc (2/2) D:12         Vaults (0/5) D:13          Sewer (visited)
 Bailey (visited)
    Elf: Orc:2

Altars:
Ashenzari
Cheibriados
Dithmenos
Fedhas
Gozag
Kikubaaqudgha
Okawaru
Qazlal
Ru
Sif Muna
Xom

Shops:
D:6 **   D:8 [   D:12 [

Portals:
Trove: D:12 (give 9 potions of haste)

Annotations:
D:8 6 transporters
D:10 2 runed translucent doors, pdpol's ghost, novice MiFi


Innate Abilities, Weirdness & Mutations

You are completely covered in rugged brown scales. (AC +3, +7% HP)
Armour fits poorly on your strangely shaped body.
You have a long armoured tail.
You roll when moving toward enemies. (Rampage)
Your long tongue fully drains potion bottles. (2x potion effects)
Your tongue gives you trouble enunciating. (1.5x scroll delay)
You have a pair of small horns on your head.
Your body sometimes deteriorates upon taking damage.
You are robust. (+10% HP)
You are resistant to electric shocks. (rElec)
You have hidden genetic potential.
You expend magic power (3 MP) to strengthen your wands.
Your movements are slightly less encumbered by armour. (ER -2)


Message History

You headbutt the orc knight, but do no damage.
The orc knight is moderately wounded.
The orc knight hits you with a +0 battleaxe!!
The orc wizard barely misses you.
Unknown command.
Unknown command.
You bump into the rock wall.
The orc knight hits you with a +1 heavy war axe!
The orc knight hits you with a +0 battleaxe!!
The orc wizard hits you but does no damage.
Unknown command.
Unknown command.
You are more confused.
You feel invigorated.
You slurp down every last drop of the potion of ambrosia!
The orc knight hits you with a +0 battleaxe!!
* * * LOW HITPOINT WARNING * * *
The orc knight closely misses you.
The orc wizard hits you but does no damage.
Unknown command.
You barely miss the orc high priest.
Your headbutt misses the orc high priest.
Your tail-slap misses the orc high priest.
The orc knight hits you with a +0 battleaxe!!
* * * LOW HITPOINT WARNING * * *
Your body deteriorates!
You feel weakened.
The orc wizard hits you but does no damage.
The orc high priest hits you but does no damage.
Unknown command.
Unknown command.
The orc wizard gestures at the orc knight while chanting.
The puff of flame hits the orc knight but does no damage.
The orc knight shouts!
Unknown command.
Unknown command.
You bump into the rock wall.
You feel less invigorated. The orc knight barely misses you.
The orc knight hits you with a +0 battleaxe!!
You die...
Your body crumbles into a pile of gold.

##### ##...###
##..).$@## ##....[.oo###
#..[[##..oo.#
##...####.o..# ##
##....##.......# .##
##....##.........#
..####[)...##.........#
.##.#)[....###...ยง....#
.....[[....# #........#


You could see 2 orc knights, an orc high priest (strong, unable to see you), an
orc priest (strong, unable to see you) and an orc wizard (strong, unable to see
you).

Vanquished Creatures
  A vault guard (D:13)
  2 centaur warriors
  A tengu warrior (D:13)
  2 orc high priests
  5 large abominations (D:10)
  A wizard (D:10)
  3 orc knights
  5 ugly things
  3 orc sorcerers
  A manticore (D:11)
  4 cyclopes
  A gargoyle (D:13)
  3 unseen horrors
  6 kobold demonologists
  A tengu conjurer (D:13)
  4 trolls
  2 hornets
  4 slime creatures
  4 wraiths
  3 shadows
  2 vampires
  A wyvern (D:9)
  A basilisk (D:12)
  6 humans (D:13)
  14 yaks
  2 vampire mosquitoes (D:12)
  Menkaure (D:6)
  A water moccasin (D:7)
  Duvessa (D:6)
  Pargi (Sewer)
  An ice beast (D:5)
  12 orc warriors
  3 black bears
  5 ogres
  6 centaurs
  3 bullfrogs
  9 kobold brigands
  6 scorpions
  A gnoll sergeant (D:8)
  7 small abominations (D:10)
  7 wights
  Dowan (D:6)
  12 killer bees
  4 howler monkeys
  5 jellies
  10 orc priests
  7 hounds
  A gnoll bouda (D:6)
  Natasha (thrice) (D:3)
  Ijyb (D:4)
  3 iguanas
  15 orc wizards
  17 gnolls
  14 adders
  A river rat (D:5)
  2 shadow imps (D:6)
  2 white imps
  2 ufetubi
  4 worms
  3 dart slugs
  76 orcs
  13 ball pythons
  6 bats
  8 endoplasms
  2 giant cockroaches (D:1)
  11 hobgoblins
  57 kobolds
  3 quokkas
  10 frilled lizards
  10 goblins
  8 rats
457 creatures vanquished.

Vanquished Creatures (others)
  2 vault guards (D:13)
  3 humans (D:13)
5 creatures vanquished.

Grand Total: 462 creatures vanquished

Notes
Turn   | Place    | Note
-------+----------+-------------------------------------------
     0 | D:1      | olmar the Armataur Fighter began the quest for the Orb.
     0 | D:1      | Reached XP level 1. HP: 19/19 MP: 1/1
    55 | D:1      | Reached XP level 2. HP: 22/26 MP: 2/2
   184 | D:1      | Reached skill level 4 in Armour
   733 | D:1      | Reached XP level 3. HP: 32/32 MP: 3/3
  1390 | D:2      | Reached XP level 4. HP: 21/40 MP: 4/4
  1967 | D:3      | Identified the +0 robe "Waeserr" {+Inv rC- rN+ Stlth+}
  2027 | D:3      | Noticed Natasha
  2032 | D:3      | Killed Natasha
  2033 | D:3      | Reached skill level 5 in Armour
  2033 | D:3      | Reached XP level 5. HP: 42/48 MP: 5/5
  2042 | D:3      | Noticed Natasha
  2051 | D:3      | Killed Natasha
  2293 | D:3      | Found a shimmering altar of Xom.
  2333 | D:3      | Noticed Natasha
  2342 | D:3      | Killed Natasha
  2381 | D:3      | Found a faded altar of an unknown god.
  2381 | D:3      | Found an opulent altar of Gozag.
  2387 | D:3      | Found a broken altar of Ashenzari.
  2391 | D:3      | Found a faded altar of an unknown god.
  2395 | D:3      | Became a worshipper of Gozag Ym Sagoz the Greedy
  2400 | D:3      | Found a stormy altar of Qazlal.
  2622 | D:4      | Noticed an ogre
  2642 | D:4      | Reached XP level 6. HP: 30/54 MP: 6/6
  3049 | D:4      | Reached skill level 1 in Dodging
  3106 | D:4      | Reached skill level 6 in Armour
  3310 | D:4      | Reached XP level 7. HP: 59/60 MP: 7/7
  3565 | D:4      | Reached skill level 5 in Maces & Flails
  3594 | D:4      | Reached skill level 7 in Armour
  3822 | D:4      | Reached XP level 8. HP: 35/70 MP: 4/8
  3953 | D:4      | Noticed Ijyb
  3960 | D:4      | Killed Ijyb
  4282 | D:5      | Entered Level 5 of the Dungeon
  4326 | D:5      | Identified a scroll of acquirement
  4326 | D:5      | Acquired 568 gold pieces
  4400 | D:5      | Reached skill level 1 in Stealth
  4619 | D:5      | Found a large runed translucent door.
  4619 | D:5      | Found a glowing drain.
  4620 | D:5      | Found a large runed translucent door.
  4628 | Sewer    | Entered a sewer
  4897 | Sewer    | Noticed Pargi
  4904 | Sewer    | Killed Pargi
  5201 | D:5      | Reached skill level 8 in Armour
  5516 | D:5      | Found a blossoming altar of Fedhas.
  6301 | D:5      | Found a shimmering blue altar of Sif Muna.
  6305 | D:5      | Found a shadowy altar of Dithmenos.
  6336 | D:6      | Noticed Duvessa
  6336 | D:6      | Noticed Dowan
  6741 | D:6      | Reached XP level 9. HP: 69/77 MP: 7/9
  6899 | D:6      | Found Wiff's General Store.
  6901 | D:6      | Found Siovos's Specific Store.
  6911 | D:6      | Bought a scroll of identify for 20 gold pieces
  6934 | D:6      | Noticed Menkaure
  7498 | D:6      | Found an iron altar of Okawaru.
  7725 | D:6      | Identified the ring "Jaenum" {Int+6 Stlth+}
  7807 | D:6      | Found a staircase to the Ecumenical Temple.
  8115 | D:7      | Reached skill level 5 in Fighting
  8444 | D:6      | Killed Menkaure
  8478 | D:7      | Reached skill level 9 in Armour
  8997 | D:6      | Reached skill level 5 in Shields
  8998 | D:6      | Gained mutation: You have hidden genetic potential. [potion
                  | of mutation]
  8998 | D:6      | Gained mutation: You are dopey. (Int -2) [potion of
                  | mutation]
  8998 | D:6      | Gained mutation: You are robust. (+10% HP) [potion of
                  | mutation]
  8998 | D:6      | Lost mutation: You are dopey. (Int -2) [potion of mutation]
  8998 | D:6      | Gained mutation: You are resistant to electric shocks.
                  | (rElec) [potion of mutation]
  8998 | D:6      | Gained mutation: Your movements are slightly less
                  | encumbered by armour. (ER -2) [potion of mutation]
  9017 | D:6      | Killed Dowan
  9047 | D:6      | Killed Duvessa
  9048 | D:6      | Reached XP level 10. HP: 40/97 MP: 3/10
  9769 | D:8      | Reached skill level 10 in Armour
 10000 | D:8      | Found a transporter.
 10006 | D:8      | Found a transporter.
 10104 | D:8      | Found Toucw's Antique Armour Boutique.
 10307 | D:8      | Found a staircase to the Lair.
 10387 | D:8      | Found a transporter.
 10390 | D:8      | Found a transporter.
 10398 | D:8      | Found a transporter.
 10401 | D:8      | Found a transporter.
 10437 | D:8      | You fall into a shaft and drop 3 floors!
 10737 | D:10     | Entered Level 10 of the Dungeon
 10864 | D:10     | Reached skill level 1 in Evocations
 10894 | D:10     | Gained mutation: You expend magic power (3 MP) to
                  | strengthen your wands. [hidden potential]
 10965 | D:10     | Found a large runed translucent door.
 10967 | D:10     | Found a large runed translucent door.
 10970 | D:10     | Noticed pdpol's ghost (novice MiFi)
 10986 | D:10     | Found a flagged portal.
 11076 | Bailey   | Entered a bailey
 11231 | Bailey   | Noticed an orc knight
 11248 | Bailey   | Killed an orc knight
 11249 | Bailey   | Reached skill level 11 in Armour
 11738 | D:10     | Found an ancient bone altar of Kikubaaqudgha.
 11801 | D:10     | Found a snail-covered altar of Cheibriados.
 12000 | D:10     | Noticed a wizard
 12011 | D:10     | Killed a wizard
 12012 | D:10     | Reached skill level 10 in Maces & Flails
 12012 | D:10     | Reached XP level 11. HP: 104/106 MP: 11/11
 12018 | D:10     | Noticed a large abomination
 12168 | D:10     | Killed a large abomination
 12466 | D:10     | Identified the staff of air "Akhloawai" {Contam Fragile
                  | +Blink rElec rC+++}
 12487 | D:10     | Noticed a soul eater
 12502 | D:10     | Gained mutation: You have great hidden genetic potential.
                  | [hidden potential]
 12502 | D:10     | Lost mutation: You have great hidden genetic potential.
                  | [hidden potential expressed]
 13353 | D:11     | Gained mutation: Your body sometimes deteriorates upon
                  | taking damage. [a neqoxec]
 14039 | D:12     | Noticed a green ugly thing
 14046 | D:12     | Killed a green ugly thing
 14100 | D:12     | Noticed a sixfirhy
 14109 | D:12     | Found a staircase to the Orcish Mines.
 14458 | D:12     | Found Rustrih's Antique Armour Boutique.
 14486 | D:12     | Noticed a white ugly thing
 14502 | D:12     | Killed a white ugly thing
 14694 | D:12     | Found a portal to a secret trove of treasure.
 15216 | D:12     | Reached skill level 12 in Armour
 15729 | Orc:1    | Entered Level 1 of the Orcish Mines
 15954 | Orc:2    | Entered Level 2 of the Orcish Mines
 16361 | D:9      | Reached XP level 12. HP: 36/118 MP: 2/12
 16965 | D:9      | Paralysed by a hornet for 2 turns
 17730 | D:9      | Gained mutation: You have a pair of small horns on your
                  | head. [hidden potential]
 17978 | D:9      | Found a sacrificial altar of Ru.
 18432 | D:13     | Noticed a centaur warrior
 18440 | D:12     | Killed a centaur warrior
 18711 | D:13     | Noticed a tengu warrior
 18727 | D:13     | Killed a tengu warrior
 18981 | D:13     | Killed a vault guard
 19169 | D:13     | Noticed a centaur warrior
 19178 | D:13     | Killed a centaur warrior
 19179 | D:13     | Reached skill level 13 in Armour
 19185 | D:13     | Killed a vault guard
 19366 | D:13     | Found a gate to the Vaults.
 19444 | D:13     | Noticed a vault guard
 19466 | D:13     | Killed a vault guard
 20089 | D:8      | Bought pearl dragon scales for 2000 gold pieces
 20937 | Orc:2    | Noticed an orc high priest
 20938 | Orc:2    | Noticed an orc high priest
 20938 | Orc:2    | Noticed an orc high priest
 21274 | Orc:2    | Reached skill level 10 in Shields
 21286 | Orc:1    | Killed an orc high priest
 21289 | Orc:1    | Reached XP level 13. HP: 68/128 MP: 13/13
 22443 | Orc:2    | HP: 6/128 [orc knight/+0 battleaxe (26)]
 22445 | Orc:2    | Slain by an orc knight

Illustrated notes

Levels and vault maps discovered:
D:1:      minmay_arrival_four_houses, layout_basic, serial_curves,
          eino_curves_03, eino_curves_02
D:2:      layout_loops_cross, kennysheep_donut
D:3:      layout_rooms, chequers_temple_overflow_minitemple,
          mainiacjoe_overflow_surrounded_room, minmay_misc_feat_roman,
          chequers_serial_rivers_small_a, uniq_natasha
D:4:      minmay_bubble_buster, layout_loops_ring, uniq_ijyb
D:5:      layout_loops_corners, jmf_multi_god_temple2, amcnicky_altar_gilded,
          portal_sewer_entry_b, st_stairs_12
D:6:      layout_gridville, okawaru_metal_pillars_1_2,
          minmay_temple_entry_antechambers, minivault_27,
          nicolae_specific_store, minmay_unpleasant_kobolds, uniq_menkaure,
          uniq_duvessa
D:7:      layout_basic
D:8:      layout_loops_ring, lair_entry_dummy, serial_shops,
          nicolae_shop_waterfront, serial_park_tiny_2, serial_nicolae_subway,
          nicolae_sub_station_metal, nicolae_sub_station_crystal,
          nicolae_sub_station_stone
D:9:      layout_layer_cave, lemuel_crystal_altar
D:10:     layout_rooms, kennysheep_mini_moat,
          mainiacjoe_overflow_small_starburst, enter_bailey_4,
          ebering_ghost_disaster_area, laboratory
D:11:     layout_stronghold
D:12:     layout_cave_pools, serial_shops, nicolae_diamond_shop,
          nicolae_trove_entry_columns, grunt_ministairs_11
D:13:     layout_roguey, ximxim_vaults_locker_room
Orc:1:    layout_caves
Orc:2:    grunt_orc_tribal_feast, layout_diamond_mine, serial_shops, shop,
          ebering_ghost_inner_flame, minmay_orc_keep

Skill      XL: |  1  2  3  4  5  6  7  8  9 10 11 12 13 |
---------------+----------------------------------------+-----
Armour         | 4 5 6 7 8 9 11 12 13 | 13.3
Maces & Flails | 2 3 4 5 7 8 10 11 12 | 12.5
Fighting       | 3 4 5 6 7 8 |  8.9
Dodging        | 1 2 3 |  3.7
Shields        | 4 5 6 8 10 | 10.3
Stealth        | 1 2 3 4 |  4.0
Evocations     | 2 |  2.6

Action                     |  1- 3 |  4- 6 |  7- 9 | 10-12 | 13-15 || total
---------------------------+-------+-------+-------+-------+-------++-------
  Melee: Flail             |   105 |   130 |   473 |  1171 |    32 ||  1911
         Tailslap          |     6 |     8 |    71 |   169 |     5 ||   259
         Whip              |       |       |       |    27 |       ||    27
         Headbutt          |       |       |       |    51 |     6 ||    57
  Throw: Throwing net      |       |       |     1 |       |       ||     1
 Invoke: Potion Petition   |       |       |     2 |     1 |       ||     3
  Evoke: Wand              |       |       |     4 |    16 |       ||    20
         Tin of tremorston |       |       |       |     3 |       ||     3
         Piece from Xom's  |       |       |       |     1 |       ||     1
    Use: Scroll            |     1 |     6 |    13 |    11 |       ||    31
         Potion            |       |     2 |     4 |    14 |     2 ||    22
   Stab: Distracted        |       |       |     1 |     4 |       ||     5
         Invisible         |       |       |       |     2 |       ||     2
 Armour: Scale mail        |    61 |    53 |   172 |       |       ||   286
         Plate armour      |       |       |    77 |   614 |       ||   691
         Pearl dragon scal |       |       |       |    32 |    15 ||    47
  Dodge: Dodged            |    39 |    39 |   172 |   292 |     6 ||   548
  Block: Buckler           |    24 |    27 |   112 |   553 |       ||   716
         Reflection        |       |       |       |    29 |       ||    29
         Kite shield       |       |       |       |    60 |    16 ||    76
